 Dungeon Crawl Stone Soup version 0.31.0-12-g77e489cdc1 (webtiles) character file.

Game seed: 14177505734049502220

101 Baz the Grave Robber (level 4, -1/32 HPs)
             Began as a Demonspawn Necromancer on Feb 27, 2024.
             Slain by a cerulean imp
             ... wielding a +2 spear
             ... summoned by Natasha
              (5 damage)
             ... on level 2 of the Dungeon.
             The game lasted 00:04:02 (1428 turns).

Baz the Grave Robber (Demonspawn Necromancer)       Turns: 1428, Time: 00:04:03

Health: -1/32      AC:  2    Str:  8    XL:     4   Next: 48%
Magic:  0/8        EV: 12    Int: 18    God:
Gold:   38         SH:  0    Dex: 13    Spells: 7/8 levels left

rFire   . . .        d - +0 dagger
rCold   . . .        (no shield)
rNeg    . . .        a - +0 robe
rPois   .            (no helmet)
rElec   .            (no cloak)
rCorr   .            (no gloves)
SInv    .            (no boots)
Will    .....        (no amulet)
Stlth   ++           (no ring)
HPRegen 0.25/turn    (no ring)
MPRegen 0.11/turn

%: no passive effects
@: slowed, very slow
A: claws 1, weakness stinger 1
a: no special abilities


You were on level 2 of the Dungeon.
You visited 1 branch of the dungeon, and saw 2 of its levels.

You collected 38 gold pieces.

Inventory:

Hand Weapons
 d - a +0 dagger (weapon)
Armour
 a - a +0 robe (worn)
Scrolls
 c - a scroll of identify {unknown}
 e - 2 scrolls of enchant weapon {unknown}
 f - 2 scrolls of teleportation {unknown}
 h - a scroll of poison {unknown}
 j - a scroll of fog {unknown}
Potions
 b - a potion of magic
 g - a potion of haste {unknown}
 i - a potion of attraction {unknown}


   Skills:
 + Level 1.6 Fighting
 - Level 2.0 Dodging
 - Level 2.0 Stealth
 + Level 1.4 Unarmed Combat
 + Level 2.7 Spellcasting
 + Level 5.0 Necromancy


You had 7 spell levels left.
You knew the following spells:

 Your Spells              Type           Power      Damage    Failure   Level
a - Necrotise             Necr           80%        1d8       2%          1

Your spell library contained the following spells:

 Spells                   Type           Power      Damage    Failure   Level
 Vampiric Draining        Necr           20%        2d7       6%          3
 Slow                     Hex            8%         N/A       17%         1
 Animate Dead             Necr           20%        N/A       22%         4
 Tukima's Dance           Hex            2%         N/A       45%         3
 Volatile Blastmotes      Fire/Tloc      4%         2d10      45%         3
 Curse of Agony           Necr           20%        N/A       52%         5
 Vhi's Electric Charge    Tloc/Air       4%         N/A       86%         4
 Disjunction              Tloc           1%         N/A       100%        8


Dungeon Overview and Level Annotations

Branches:
Dungeon (2/15)

Altars:

Shops:
D:1 **(?

Annotations:
D:2 Natasha


Innate Abilities, Weirdness & Mutations

You have sharp fingernails.
You have a small tail.


Message History

Found a helmet.
Natasha extends her claws.
You can't see any susceptible monsters within range! (Use Z to cast anyway.) Natasha barely misses you.
Your kobold skeleton barely misses Natasha.
Natasha writhes in agony.
Natasha stares at you and mumbles some strange words.
The magic dart hits you!
Your kobold skeleton hits Natasha but does no damage.
Natasha writhes in agony.
Natasha stares at you and mumbles some strange words.
You feel yourself slow down.
Natasha barely resists.
Your kobold skeleton barely misses Natasha.
Natasha stares at you and mumbles some strange words.
The magic dart hits you. Natasha claws you.
Your kobold skeleton hits Natasha but does no damage.
You barely miss Natasha.
Natasha is severely wounded.
Natasha mumbles some strange words.
Your kobold skeleton barely misses Natasha.
You hit Natasha.
Natasha is severely wounded.
Natasha claws you!
* * * LOW HITPOINT WARNING * * *
Your kobold skeleton closely misses Natasha.
Natasha closely misses you.
You hit Natasha but do no damage.
Your tail-slap misses Natasha.
Natasha is severely wounded.
The cerulean imp hits you from afar with a +2 spear.
* * * LOW HITPOINT WARNING * * *
Your kobold skeleton hits Natasha but does no damage.
Natasha mumbles some strange words.
The cerulean imp barely misses you.
You barely miss Natasha.
Your tail-slap misses Natasha.
Natasha is severely wounded.
Natasha claws you.
* * * LOW HITPOINT WARNING * * *
The cerulean imp hits you from afar with a +2 spear.
You die...

## ###.<.#######
.##########...###
............#########
.#########..........#
..# #..........###$
#..# #..............
#.# #.....)....##..
.# ###.##.....# .#
...##Z@5### #
..####h.## #.# #.5#
... ...# .. .....
...... ....#.[.
....^#...


You could see Natasha (ally target), 2 cerulean imps and a friendly kobold
skeleton.

Vanquished Creatures
  Natasha (twice) (D:2)
  An adder (D:2)
  A dart slug (D:2)
  A ribbon worm (D:2)
  A bat (D:1)
  8 endoplasms
  5 giant cockroaches
  2 goblins (D:1)
  A hobgoblin (D:1)
  5 kobolds
  2 quokkas (D:1)
  2 ball pythons (D:1)
  2 frilled lizards (D:1)
  3 rats
36 creatures vanquished.

Vanquished Creatures (collateral kills)
  A rat (D:1)
1 creature vanquished.

Grand Total: 37 creatures vanquished

Notes
Turn   | Place    | Note
-------+----------+-------------------------------------------
     0 | D:1      | Baz the Demonspawn Necromancer began the quest for the Orb.
     0 | D:1      | Reached XP level 1. HP: 13/13 MP: 3/3
     1 | D:1      | Found Jeosaj's General Store.
    59 | D:1      | Found Gonwaj's Antique Weapon Shoppe.
   251 | D:1      | Discovered your monstrous ancestry.
   251 | D:1      | Gained mutation: You have a small tail. [demonic ancestry]
   251 | D:1      | Reached XP level 2. HP: 19/19 MP: 0/5
   439 | D:1      | Found Abiv's Magic Scroll Shoppe.
   600 | D:1      | Found Fieramoic's General Store.
  1103 | D:2      | Reached XP level 3. HP: 17/25 MP: 0/6
  1183 | D:2      | Noticed Natasha
  1192 | D:2      | Killed Natasha
  1193 | D:2      | Reached skill level 1 in Fighting
  1193 | D:2      | Reached skill level 1 in Unarmed Combat
  1217 | D:2      | Noticed Natasha
  1224 | D:2      | Killed Natasha
  1225 | D:2      | Gained mutation: You have sharp fingernails. [demonic
                  | ancestry]
  1225 | D:2      | Reached XP level 4. HP: 32/32 MP: 3/8
  1355 | D:2      | Got the Parchment of Discontinuous Misfortune
  1361 | D:2      | Reached skill level 5 in Necromancy
  1418 | D:2      | Noticed Natasha
  1428 | D:2      | Slain by a cerulean imp

Illustrated notes

Levels and vault maps discovered:
D:1:      dpeg_arrival_long_road, layout_basic, serial_shops, shop, shop,
          nicolae_diamond_shop, nicolae_shop_hallway_plus
D:2:      minmay_roachtagon, layout_rooms, uniq_natasha

Skill      XL: |  1  2  3  4 |
---------------+-------------+-----
Stealth        | 2 |  2.0
Dodging        | 2 |  2.0
Fighting       | 1 |  1.6
Unarmed Combat | 1 |  1.4
Necromancy     | 5 |  5.0
Spellcasting   | |  2.7

Action                     |  1- 3 |  4- 6 || total
---------------------------+-------+-------++-------
  Melee: Dagger            |    23 |     4 ||    27
         Unarmed           |     3 |       ||     3
         Tailslap          |     1 |       ||     1
         Punch             |     1 |       ||     1
   Cast: Necrotise         |    42 |    18 ||    60
   Stab: Sleeping          |     2 |       ||     2
         Distracted        |     1 |       ||     1
 Armour: Robe              |    10 |    10 ||    20
  Dodge: Dodged            |    24 |     4 ||    28
